 Dungeon Crawl Stone Soup version 0.20.1-1-g8b1a95d (webtiles) character file.

35 Kaniblood the Digger (level 3, -2/30 HPs)
             Began as a Deep Dwarf Earth Elementalist on Aug 26, 2017.
             Slain by an adder (4 damage)
             ... on level 2 of the Dungeon.
             The game lasted 00:19:51 (5138 turns).

Kaniblood the Digger (DDEE)                         Turns: 5138, Time: 00:19:51

Health: -2/30      AC:  2    Str: 11    XL:     3   Next: 17%
Magic:  5/5        EV: 13    Int: 16    God:
Gold:   33         SH:  0    Dex: 13    Spells: 4/5 levels left

rFire    . . .     SeeInvis .   d - +1 short sword (freeze)
rCold    . . .     Gourm    .   (no shield)
rNeg     . . .     Faith    .   c - +0 robe
rPois    .         Spirit   .   (no helmet)
rElec    .         Reflect  .   (no cloak)
rCorr    .         Harm     .   (no gloves)
MR       .....                  (no boots)
Stlth    ++........             y - amulet of regeneration
Regen    0.0/turn               (no ring)
MPRegen  0.1/turn               (no ring)

@: lethally poisoned (-2 -> -2), non-regenerating
A: damage resistance, heal wounds, sense surroundings 1, no regeneration
a: Heal Wounds


You were on level 2 of the Dungeon.
You were not hungry.

You visited 1 branch of the dungeon, and saw 2 of its levels.

You collected 33 gold pieces.

Inventory:

Hand Weapons
 a - a +0 short sword
 d - a +1 short sword of freezing (weapon)
 f - a +0 club
 i - a +0 whip
 k - a +0 club
 m - a +0 club
 o - a +0 short sword
 p - a +0 club
 s - a +0 club
 t - a +0 club
 v - a +0 whip
 w - a cursed +0 club
Missiles
 b - 87 stones
 q - 15 sling bullets (quivered)
Armour
 c - a +0 robe (worn)
 l - a +0 ring mail
Jewellery
 y - an amulet of regeneration (around neck)
Scrolls
 g - 2 scrolls of identify {unknown}
 j - a scroll of fog {unknown}
 n - a scroll of noise {unknown}
 r - a scroll of amnesia {unknown}
 u - a scroll of enchant weapon {unknown}
 z - a scroll of random uselessness {unknown}
Potions
 h - a potion of degeneration {unknown}
Books
 e - a book of Geomancy

   Spells                             Type                      Level
   a - Sandblast                      Earth                        1
   b - Passwall                       Transmutation/Earth          2
   c - Stone Arrow                    Conjuration/Earth            3
   d - Petrify                        Transmutation/Earth          4
   e - Lee's Rapid Deconstruction     Earth                        5
Comestibles
 x - a chunk of flesh


   Skills:
 + Level 0.3 Fighting
 + Level 0.1 Short Blades
 + Level 0.3 Throwing
 + Level 1.0 Armour
 + Level 2.5 Dodging
 + Level 2.7 Stealth
 + Level 1.8 Spellcasting
   Level 0.8 Transmutations
 + Level 4.7 Earth Magic


You had 4 spell levels left.
You knew the following spells:

 Your Spells              Type           Power        Failure   Level  Hunger
a - Sandblast             Erth           ###...       3%          1    ##.....


Dungeon Overview and Level Annotations

Branches:
Dungeon (2/15)

Altars:

Annotations:
D:1 1 exclusion


Innate Abilities, Weirdness & Mutations

You are resistant to damage.
You can heal yourself by infusing magical energy.
You passively map a small area around you.
You do not regenerate.


Message History

Tossing away (i - inventory. (,) - cycle):
q - 16 sling bullets (quivered)
Press: ? - help, Shift-Dir - straight line, f/p - kobold
Aim: a kobold You toss away a sling bullet.
The adder hisses angrily. x2
The sling bullet hits the kobold but does no damage.
Casting: Sandblast
Confirm with . or Enter, or press ? or * to list all spells.
Okay, then.
Unknown command.
The kobold hits you but does no damage.
You see here a hunting sling.
The adder closely misses you. The adder closely misses you.
There is a stone staircase leading up here.
The adder misses you. The adder completely misses you. The adder bites you.
* * * LOW HITPOINT WARNING * * *
You are poisoned.
The adder poisons you! The adder bites you.
You die...

####### #.....#
* * #.....#
#.....# * * ,
#.....######.,
#............ *
** #...S@.### *
, #..KSS...# *,
#......#.# , ,
#..)...# # ,
#.#######......#
* , *
#.......K.####.#
* *######..##
..#, , ,
####..## .##, **
###....## . *


You could see 3 adders and 2 kobolds.

Vanquished Creatures
  An ooze (D:1)
  2 giant cockroaches (D:1)
  3 goblins (D:1)
  9 hobgoblins (D:1)
  6 kobolds (D:1)
  2 frilled lizards (D:1)
  6 rats (D:1)
29 creatures vanquished.

Notes
Turn   | Place    | Note
-------+----------+-------------------------------------------
     0 | D:1      | Kaniblood the Deep Dwarf Earth Elementalist began the quest for the Orb.
     0 | D:1      | Reached XP level 1. HP: 15/15 MP: 3/3
   531 | D:1      | Reached XP level 2. HP: 19/22 MP: 4/4
  4901 | D:1      | Reached XP level 3. HP: 10/30 MP: 3/5
  4921 | D:1      | Reached skill level 1 in Armour
  5138 | D:2      | Slain by an adder

Skill      XL: |  1  2  3 |
---------------+----------+-----
Armour         | 1 |  1.0
Fighting       | |  0.3
Short Blades   | |  0.1
Throwing       | |  0.3
Dodging        | |  2.5
Stealth        | |  2.7
Spellcasting   | |  1.8
Transmutations | |  0.8
Earth Magic    | |  4.7

Action                   || total
-------------------------++-------
Melee: Short sword       ||   100
       Unarmed           ||     1
Throw: Stone             ||    37
 Cast: Sandblast         ||     4
  Eat: Chunk             ||     4
       Meat ration       ||     1
       Bread ration      ||     1
Armor: Robe              ||     7
       Ring mail         ||    11
Dodge: Dodged            ||    58
